Cogmind - Beta 16 @@@ ROGUE MODE // 2025.12.05 @ 11:37:05 Player: most_lamentable Result: Core destroyed Performance ------------- Evolutions (4) 2000 Regions Visited (4) 800 Robots Destroyed (6) 30 Value Destroyed (217) 217 Prototype IDs (7) 140 Alien Tech Used (0) 0 Bonus (1070) 1070 TOTAL SCORE: 4257 Bonus ------- Pacifist 270 Registered with UFD 300 Met Optimus in HQ 500 Cogmind --------- Core Integrity 0/850 Matter 34/300 Energy 92/150 System Corruption 0% Temperature Critical (501) Movement Rolling (100) Location -6/Factory Parts ------- > --- POWER (1) -------- Light Angular Momentum Engine > --- PROPULSION (4) --- Armored Huge Wheel Armored Huge Wheel > --- UTILITY (6) ------ Scrap Suit Large Storage Unit 0b10 Decoder Chip [Generic] Improved Hacking Suite > --- WEAPON (4) ------- Beamcaster Beamcaster Heavy Machine Gun Companion Sword > --- INVENTORY (15) --- Light Deuterium Engine Armored Huge Wheel Armored Huge Wheel Large Storage Unit Relay Coupler [Proto] (4) Beamcaster Beamcaster Heavy Machine Gun DRS Beacon (Ready) Peak State ------------ > --- POWER ------------ Light Angular Momentum Engine > --- PROPULSION ------- Armored Huge Wheel Armored Huge Wheel > --- UTILITY ---------- Scrap Suit Large Storage Unit 0b10 Decoder Chip [Generic] Light Armor Plating Improved Hacking Suite > --- WEAPON ----------- Beamcaster Beamcaster Heavy Machine Gun Heavy Flak Cannon > --- INVENTORY -------- Light Deuterium Engine Armored Huge Wheel Armored Huge Wheel Large Storage Unit Relay Coupler [Proto] Beamcaster Beamcaster Heavy Machine Gun Companion Sword DRS Beacon [Rating: 66] Favorites ----------- Power Light Ion Engine Engine Light Ion Engine Propulsion Aluminum Leg Leg Aluminum Leg Wheel Armored Huge Wheel Utility Improved Hacking Suite Device Subdweller Optics Storage Large Storage Unit Processor 0b10 Decoder Chip [Generic] Hackware Improved Hacking Suite Protection Light Armor Plating Weapon Improved Light Cannon Energy Gun Beamcaster Ballistic Gun Heavy Machine Gun Ballistic Cannon Improved Light Cannon Slashing Weapon Companion Sword Build | -11 -10 -10 -9 -6 ------- Run | Yrd Mat Sub Scr Fac Slots Evolved 8 | . . . . 8 Power . | . . . . . Propulsion 2 | . . . . 2 Utility 4 | . . . . 4 Weapon 2 | . . . . 2 Parts Attached 27 | 6 2 1 7 11 Power 3 | 1 . . 2 . Engine 3 | 1 . . 2 . Core . | . . . . . Reactor . | . . . . . Propulsion 6 | 2 . . 1 3 Treads . | . . . . . Leg 4 | 2 . . 1 1 Wheel 2 | . . . . 2 Hover . | . . . . . Flight . | . . . . . Utility 7 | 1 . 1 2 3 Device 2 | . . 1 . 1 Storage 2 | 1 . . 1 . Processor 1 | . . . . 1 Hackware 1 | . . . 1 . Protection 1 | . . . . 1 Artifact . | . . . . . Weapon 11 | 2 2 . 2 5 Energy Gun 5 | 1 . . 2 2 Energy Cannon . | . . . . . Ballistic Gun 2 | 1 . . . 1 Ballistic Cannon 3 | . 2 . . 1 Launcher . | . . . . . Special Weapon . | . . . . . Impact Weapon . | . . . . . Slashing Weapon 1 | . . . . 1 Piercing Weapon . | . . . . . Special Melee Weapon . | . . . . . Unidentified Prototypes 1 | . . . . 1 Parts Lost 2 | . . . . 2 Power . | . . . . . Propulsion . | . . . . . Utility 1 | . . . . 1 Weapon 1 | . . . . 1 Highest Loss Streak 2 | . . . . 2 To Critical Strikes . | . . . . . Average Backups 9 | 2 7 8 10 7 Power . | . 1 1 1 1 Propulsion 2 | 1 3 3 2 . Utility 3 | . . 1 3 2 Weapon 3 | . 2 3 3 3 Tool/Special . | . . . . . Unused Backups 19 | . 2 . 11 6 Power 2 | . . . 1 1 Propulsion 6 | . 1 . 3 2 Utility 5 | . . . 3 2 Weapon 6 | . 1 . 4 1 Tool/Special . | . . . . . Average Slot Usage (%) 97 | . 85 86 100 88 Engine 13 | . 14 14 14 6 Leg 27 | . 28 28 28 19 Device 3 | . . 1 4 5 Storage 13 | . 14 14 14 6 Hackware 8 | . . . 9 6 Energy Gun 7 | . 1 . 7 13 Ballistic Cannon 19 | . 23 28 20 5 Peak Build Rating 66 | 6 9 11 30 66 Average Rating 21 | 4 8 9 18 57 On Entrance 11 | . 6 9 11 30 Avg Prop Armor Cover (%) . | . . . . . Naked Turns . | . . . . . Heaviest Build 59 | 12 16 18 39 59 Greatest Support 56 | 20 20 20 23 56 Greatest Overweight (x) 2 | 2 . . 1 1 Average Overweight (x) . | . . . . 1 Largest Inventory Capacity 15 | 8 8 8 15 15 Average Capacity 11 | 7 8 8 11 15 Most Carried 15 | 6 8 8 15 14 Average Carried 10 | 3 7 8 11 8 Final Capacity 15 | 8 8 8 15 15 Final Carried 15 | 6 8 8 15 11 Scrap Suit Usage (%) 9 | . . . . 99 Parts Cannibalized 2 | . . . . 2 Class Distribution -------------------- 69% | Mutant 20% | Derelict-Mutant 10% | Derelict-Tank Dominant Class ---------------- Mutant | -10/Materials Mutant | -10/Subcaves Mutant | -9/Scraptown Derelict-Tank | -6/Factory Resources | -11 -10 -10 -9 -6 ----------- Run | Yrd Mat Sub Scr Fac Matter Collected 543 | 241 39 10 112 141 Remotely . | . . . . . Salvage Created 253 | . . . . 253 Parts 9 | . . . . 9 Haulers Intercepted 1 | . . . . 1 Recyclers Shooed . | . . . . . Parts Field Recycled . | . . . . . Retrieved Matter . | . . . . . Parts Self-Destructed 12 | . . 12 . . Prevented . | . . . . . Parts Restored . | . . . . . Kills | -11 -10 -10 -9 -6 ------- Run | Yrd Mat Sub Scr Fac Combat Hostiles Destroyed 4 | . . . . 4 Guns 2 | . . . . 2 Cannons 2 | . . . . 2 Classes Destroyed 4 | . . . . 4 Hauler 1 | . . . . 1 Watcher 1 | . . . . 1 Swarmer 1 | . . . . 1 Grunt 3 | . . . . 3 Best Kill Streak 2 | . . . . 2 Combat Bots Only 2 | . . . . 2 Max Kills in Single Turn 1 | . . . . 1 Gunslinging . | . . . . . Exploded . | . . . . . Melee . | . . . . . Uniques/NPCs Destroyed . | . . . . . Combat | -11 -10 -10 -9 -6 -------- Run | Yrd Mat Sub Scr Fac Hostile Shots Fired 57 | . . . . 57 Missed 10 | . . . . 10 Hits 47 | . . . . 47 Projectile 47 | . . . . 47 Damage Taken 1553 | . . . . 1553 Core 914 | . . . . 914 Absorbed by Shields . | . . . . . Regen/Repaired (Parts) 12 | . . . . 12 Core Remaining (%) 100 | 100 . . 100 . Volleys Fired 20 | . . . . 20 Largest 4 | . . . . 4 Hottest 224 | . . . . 224 Shots Fired 74 | . . . . 74 Gun 57 | . . . . 57 Cannon 17 | . . . . 17 Launcher . | . . . . . Special . | . . . . . Kinetic 37 | . . . . 37 Thermal 37 | . . . . 37 Explosive . | . . . . . Electromagnetic . | . . . . . Robot Hit Streak 6 | . . . . 6 Robot Miss Streak 11 | . . . . 11 Penetration Max . | . . . . . Secondary Targets . | . . . . . Shots Hit Robots 43 | . . . . 43 Core Hits 21 | . . . . 21 Critical Kills . | . . . . . Critical Parts Destroyed . | . . . . . Critical Strikes 2 | . . . . 2 Burn 2 | . . . . 2 Melee Attacks . | . . . . . Impact . | . . . . . Slashing . | . . . . . Piercing . | . . . . . Sneak Attacks . | . . . . . Combat Hostiles . | . . . . . Follow-up Attacks . | . . . . . Damage Inflicted 844 | . . . . 844 Guns 655 | . . . . 655 Cannons 176 | . . . . 176 Explosions . | . . . . . Melee . | . . . . . Ramming 13 | . . . . 13 Kinetic 392 | . . . . 392 Thermal 439 | . . . . 439 Explosive . | . . . . . Electromagnetic . | . . . . . Impact . | . . . . . Slashing . | . . . . . Piercing . | . . . . . Highest Corruption . | . . . . . Average Corruption . | . . . . . Corruption Purged . | . . . . . Corruption Blocked . | . . . . . Overload Shots . | . . . . . Overflow Damage . | . . . . . Projectiles . | . . . . . Explosions . | . . . . . Melee . | . . . . . Knockbacks 4 | . . . . 4 Impact . | . . . . . Kinetic 4 | . . . . 4 Secondary . | . . . . . Self-Inflicted Damage 6 | . . . . 6 Shots . | . . . . . Rammed 2 | . . . . 2 Targets Rammed 2 | . . . . 2 Kicked . | . . . . . Crushed . | . . . . . Highest Temperature 645 | . . . . 645 Average Temperature 302 | . . . . 302 Received Heat Transfer 72 | . . . . 72 Effects 41 | . . . . 41 Shutdowns 5 | . . . . 5 Energy Bleed 5 | . . . . 5 Interference 3 | . . . . 3 Matter Decay 5 | . . . . 5 Short Circuit 2 | . . . . 2 Damage (minor) 6 | . . . . 6 Damage (major) 7 | . . . . 7 Damage (core) 8 | . . . . 8 Siege Activations . | . . . . . Martial Activations . | . . . . . Shielding Activations . | . . . . . Robots Disrupted . | . . . . . Combat Hostiles . | . . . . . Robots Corrupted . | . . . . . Combat Hostiles . | . . . . . Parts Fried . | . . . . . Impact Corruptions . | . . . . . Robots Melted . | . . . . . Combat Hostiles . | . . . . . Parts Melted . | . . . . . Heat Transferred 925 | . . . . 925 Parts Sabotaged . | . . . . . Parts Stolen . | . . . . . Parts Stripped . | . . . . . Power Chain Reactions . | . . . . . Alert | -11 -10 -10 -9 -6 ------- Run | Yrd Mat Sub Scr Fac Maximum Alert Level . | . . . . . Low Security (%) 100 | 100 100 . . 100 Level 1 . | . . . . . Level 2 . | . . . . . Level 3 . | . . . . . Level 4 . | . . . . . Level 5 . | . . . . . High Security . | . . . . . Max Security . | . . . . . Peak Influence 32 | . . . . 32 Initial . | . . . . . Average 5 | . . . . 7 Influence Increases 140 | . . . . 140 Destroy 0b10 Robot/C 80 | . . . . 80 Destroy 0b10 Robot/NC 10 | . . . . 10 Destroy Leader 4 | . . . . 4 Destroy Structure 1 | . . . . 1 Lose Combat Pursuer 45 | . . . . 45 Influence Decreases 110 | . . . . 110 Time Decay 90 | . . . . 90 Lost Part 20 | . . . . 20 Squads Dispatched 4 | . 1 . . 3 Investigation 1 | . . . . 1 Extermination . | . . . . . Reinforcement 3 | . 1 . . 2 Assault . | . . . . . Garrison . | . . . . . Intercept . | . . . . . Searches Triggered . | . . . . . Construction Impeded . | . . . . . Haulers Reinforced 1 | . . . . 1 Active Scanning Responses . | . . . . . Cargo Convoy Interrupts . | . . . . . Stealth | -11 -10 -10 -9 -6 --------- Run | Yrd Mat Sub Scr Fac Distress Signals 1 | . . . . 1 Communications Jammed . | . . . . . Distress Signals . | . . . . . Times Spotted 18 | . 4 . . 14 Peak Tracking Total 7 | . 2 . . 7 Tactical Retreats 2 | . . . . 2 Traps | -11 -10 -10 -9 -6 ------- Run | Yrd Mat Sub Scr Fac Traps Triggered . | . . . . . Indirectly . | . . . . . Trap Hack Attempts . | . . . . . Triggered . | . . . . . Disarmed . | . . . . . Reprogrammed . | . . . . . Reused . | . . . . . Traps Extracted . | . . . . . Installed . | . . . . . Triggered . | . . . . . Machines | -11 -10 -10 -9 -6 ---------- Run | Yrd Mat Sub Scr Fac Machines Disabled . | . . . . . Max in Single Turn . | . . . . . Machines Repaired . | . . . . . Machines Dismantled . | . . . . . Machines Sabotaged . | . . . . . Overloaded Fab Kills . | . . . . . Hacking | -11 -10 -10 -9 -6 --------- Run | Yrd Mat Sub Scr Fac Machines Accessed 7 | . 1 . 5 1 Terminals 1 | . 1 . . . Fabricators . | . . . . . Repair Stations . | . . . . . Recycling Units 1 | . . . . 1 Scanalyzers . | . . . . . Garrison Access . | . . . . . Total Hacks 26 | . 1 . 23 2 Successful 23 | . . . 23 . Failed 3 | . 1 . . 2 Catastrophic 1 | . . . . 1 Database Lockouts . | . . . . . Manual 3 | . 1 . . 2 Terminals 1 | . 1 . . . Fabricators . | . . . . . Repair Stations . | . . . . . Recycling Units 2 | . . . . 2 Scanalyzers . | . . . . . Garrison Access . | . . . . . Terminal Hacks 23 | . . . 23 . Record 22 | . . . 22 . Open Door 1 | . . . 1 . Fabricator Hacks . | . . . . . Repair Station Hacks . | . . . . . Recycling Unit Hacks . | . . . . . Scanalyzer . | . . . . . Garrison Access Hacks . | . . . . . Unauthorized Hacks . | . . . . . Terminals . | . . . . . Fabricators . | . . . . . Repair Stations . | . . . . . Recycling Units . | . . . . . Scanalyzers . | . . . . . Garrison Access . | . . . . . Data Cores Recovered . | . . . . . Used . | . . . . . Hacking Detections 2 | . 1 . . 1 Full Trace Events 1 | . . . . 1 Feedback Events . | . . . . . Feedback Blocked . | . . . . . Robot Schematics Acquired . | . . . . . Robots Built . | . . . . . Authchips . | . . . . . Time . | . . . . . Total Robot Build Rating . | . . . . . Part Schematics Acquired . | . . . . . Parts Built . | . . . . . Authchips . | . . . . . Time . | . . . . . Total Part Build Rating . | . . . . . Part Studies Acquired . | . . . . . Parts Repaired . | . . . . . Time . | . . . . . Parts Recycled . | . . . . . Recycled Matter . | . . . . . Retrieved Matter . | . . . . . Retrieved Components . | . . . . . Parts Scanalyzed . | . . . . . Part Schematics Acquired . | . . . . . Parts Damaged . | . . . . . Bothacking | -11 -10 -10 -9 -6 ------------ Run | Yrd Mat Sub Scr Fac Used RIF Installer . | . . . . . Robots Hacked . | . . . . . Non-combat . | . . . . . Combat . | . . . . . Robot Hacks Applied . | . . . . . Relay Couplers Released . | . . . . . Fabnet Peak Effective % . | . . . . . Robots Rewired . | . . . . . Allies Hacked . | . . . . . Hacks Repelled . | . . . . . Allies | -11 -10 -10 -9 -6 -------- Run | Yrd Mat Sub Scr Fac Total Allies . | . . . . . Largest Group . | . . . . . Highest-Rated Group . | . . . . . Highest-Rated Ally . | . . . . . Total Orders . | . . . . . Ally Attacks . | . . . . . Total Damage . | . . . . . Kills . | . . . . . Allies Corrupted . | . . . . . Allies Melted . | . . . . . Intel | -11 -10 -10 -9 -6 ------- Run | Yrd Mat Sub Scr Fac Active Infowar (turns) 867 | . . 32 695 140 Optics 727 | . . 32 695 . Decoding 140 | . . . . 140 Robot Analysis Total . | . . . . . Derelict Logs Recovered 2 | . . 1 1 . Drone Launches . | . . . . . Drone Recoveries . | . . . . . Decoded 0b10 Intel 4 | . . . . 4 Traps 1 | . . . . 1 Emergency Access 1 | . . . . 1 Items 2 | . . . . 2 Exploration | -11 -10 -10 -9 -6 ------------- Run | Yrd Mat Sub Scr Fac Turns Passed 3126 | 80 80 251 2400 315 Spaces Moved 1979 | 50 57 198 1576 98 Core 13 | 13 . . . . Treads . | . . . . . Legs 1949 | 37 57 198 1576 81 Wheels 17 | . . . . 17 Hover . | . . . . . Flight . | . . . . . Fastest Speed 50 | 50 120 120 120 115 Average Speed 145 | 119 120 120 148 178 Slowest Speed 192 | 150 120 120 190 192 Overloaded Moves . | . . . . . Propulsion Burnouts . | . . . . . Robots Hopped . | . . . . . Potential Cave-ins . | . . . . . Cave-ins Triggered . | . . . . . Exploration Rate (%) 27 | 5 12 21 95 3 Regions Visited 4 Branch Regions 2 Pre-discovered Areas . | . . . . . Known Exits Taken . | . . . . . Unknown Exits Taken 4 | 1 1 1 1 . Scrap Searched 4 | . . 1 3 . Spaces Dug . | . . . . . Terrain Destroyed . | . . . . . Melee . | . . . . . Projectile . | . . . . . AOE . | . . . . . Terrain Rammed . | . . . . . Walls Destroyed . | . . . . . Machines Disabled . | . . . . . Actions | -11 -10 -10 -9 -6 --------- Run | Yrd Mat Sub Scr Fac Total 2185 | 70 70 211 1640 194 Wait 84 | 3 . 13 15 53 Move 1975 | 49 56 197 1575 98 Hop . | . . . . . Pick Up 46 | 12 7 . 22 5 Fast Attach 4 | . . 1 3 . Attach 16 | 6 . . . 10 Detach . | . . . . . Swap 8 | . 2 . 4 2 Drop 30 | . 5 . 21 4 Fire 20 | . . . . 20 Melee . | . . . . . Ram 2 | . . . . 2 Kick . | . . . . . Crush . | . . . . . Escape Stasis . | . . . . . Rewire . | . . . . . Trap . | . . . . . Miscellaneous . | . . . . . Route ------- -11/Scrapyard -10/Materials -10/Subcaves (discovered 2 exits: [*Mat] / *Scr) -9/Scraptown (discovered 2 exits: *Fac x2) -6/Factory History --------- Turn | Location | Event 17 | -11/Scrapyard | Discovered new exit (range 14) 81 | -11/Scrapyard | Entered Materials 82 | -10/Materials | Met a group of wandering Federalists 159 | -10/Materials | Discovered new exit (range 3) 161 | -10/Materials | Entered Subcaves 162 | -10/Subcaves | Continued accompanying wandering Federalists (4) 307 | -10/Subcaves | Build established: Mutant 338 | -10/Subcaves | Learned Materials security intel 358 | -10/Subcaves | Discovered new exit (range 7) 407 | -10/Subcaves | Wandering Federalist uncovered a shortcut to Scraptown 412 | -10/Subcaves | Entered Scraptown 528 | -9/Scraptown | Visited UFD Registry 528 | -9/Scraptown | Registered with UFD as "Arccell" 544 | -9/Scraptown | Visited Fellowship of the Rings 578 | -9/Scraptown | Visited Awakened 609 | -9/Scraptown | Visited Assassins FH 644 | -9/Scraptown | Visited Spacefarers 726 | -9/Scraptown | Visited Comm Corps 959 | -9/Scraptown | Heard Great Nut preacher, LISTEN AND RECITE! 1052 | -9/Scraptown | Scanned Subdweller tech in exchange for log data 1056 | -9/Scraptown | Learned Factory interactive machine intel 1068 | -9/Scraptown | Discovered new exit (range 11) 1153 | -9/Scraptown | Guru changed UFD alias to "Waverunner" 1389 | -9/Scraptown | Visited Red Mages 1410 | -9/Scraptown | Found Relay Coupler [Proto] 1432 | -9/Scraptown | Visited Cave Peace 1516 | -9/Scraptown | Visited DA-N13 Charitable Foundation 1530 | -9/Scraptown | Found DCF Scrap (30 items) 1612 | -9/Scraptown | Visited Infowarlord's Domain 1659 | -9/Scraptown | Visited Derelict Rescue Squad 1670 | -9/Scraptown | Found DRS Beacon 2068 | -9/Scraptown | Visited Research Penetration Think Tank 2107 | -9/Scraptown | Visited Junk Repository 2164 | -9/Scraptown | Visited Supply Room 2303 | -9/Scraptown | Found Scrap Suit 2334 | -9/Scraptown | Discovered new exit (range 5) 2463 | -9/Scraptown | Build established: Derelict-Mutant 2482 | -9/Scraptown | Visited LU-1G1's Boring Crew 2520 | -9/Scraptown | Visited Chapter 10 2583 | -9/Scraptown | Visited Sword Containment 2604 | -9/Scraptown | Found Prototype Slashing Weapon 2700 | -9/Scraptown | Met Optimus 2700 | -9/Scraptown | Accepted into 0bPrime 2812 | -9/Scraptown | Entered Factory 2812 | -6/Factory | Evolved 8 slots: Propulsion x2, Utility x4, Weapon x2 2813 | -6/Factory | Loaded intel: 56 interactive machine locations 3106 | -6/Factory | Build established: Derelict-Tank 3107 | -6/Factory | Core integrity fell below 50% 3116 | -6/Factory | Core integrity fell below 20% 3122 | -6/Factory | Identified Companion Sword 3128 | -6/Factory | Core destroyed Last Messages --------------- 03114_ U-05 Engineer destroyed. 03115_ Overheating: Arm. Huge Wheel damaged (-104). 03116_ Overheating: Core damaged (-85). 03117_ Overheating: Core damaged (-102). 03117_ R-10 Processor collects Welding Torch. 03117_ Penetrated by Slug. 03118_ Power failure, Lgt. Angular Momentum Engine shutdown. 03118_ Overheating: Energy bleed (-19). 03121_ Lgt. Armor Plating destroyed. 03121_ Penetrated by Slug. 03121_ G-50 Soldier suffers critical hit (Destroy). 03121_ G-50 Soldier destroyed. 03122_ Overheating: Lgt. Angular Momentum Engine damaged (-2). 03122_ Identified Companion Sword. Companion Sword: "I admit I'm jealous of the attention you give your Beamcaster." 03123_ R-10 Processor collects Terrain Scanner. 03123_ R-10 Processor collects Hvy. Laser. 03125_ Penetrated by Slug. 03128_ Overheating: Core damaged (-110). Map ----- +----------------------------------------------------+ | "????????????????????????????????????????????????? | | "????????????????????????????????????????????????? | | "????????????????????????????????????????????????? | | ?????????????????????????????????????????????????? | | ?????????????????????????????????????????????????? | | "????????????????????????????????????????????????? | | "????????????????????????????????????????????????? | | "????????????????????????????????????????????????? | | ?????????????????????????????????????????????????? | | ?????????????????????????????????????????????????? | | ?????????????????????????????????????????????????? | | ???????????????????????T?#???????????????????????? | | ????????????????????????? ???????????????????????? | | ????????????????????????? ???????????????????????? | | ????????????????????????? ???????????????????????? | | ????????????????????????? ???????????????????????? | | ????????????????????????? ???????????????????????? | | ????????????????????????# #??????????????????????? | | ????????????????????????#%#??????????????????????? | | ???????????????????????? #??????????????????????? | | ???????????????????????? u??????????????????????? | | ????????????????????????#%#???????????? ???????? | | ????????????????????????#g#???????????? ??????? | | ????????????????????????#R#???????????? #??????? | | ???????????????"""""????#g#???????????# #??????? | | ???????????????""Y""????#@#????!??????# #??????? | | ????????????????????????#=#???????????# #??????? | | ????????????????????????#h#???????????# #??????? | | ????????????????????????#;############# #??????? | | ????????????????????????# b # #??????? | | ????????????????????????# """ # #??????? | | ????????????????????????# """ # #??????? | | ????????????????????????# """Y""" """ # #??????? | | ????????????????????????# """"""" # +??????? | | ????????????????????????# # #??????? | | ????????????????????????#########+##### #??????? | | ?????????????????? #??????? | | ?????????????????? ######+#####???? | | ?????????????????? ## ! ! #???? | | ??????????????????? ## #???? | | ??????????????????? #####+## #???? | | ???????????????????? ?# # """"#???? | | ???????????????????? ??# %+ """"#???? | | ???????????????????? ???# % # """"#???? | | ????????????????????? ????# # """"#???? | | ??????????????????????#?????# # #???? | | ????????????????????????????# ###########???? | | ??????????????????????????# #####/##?????????????? | | ??????????????????????????# #??????????????? | | ??????????????????????????####### #??????????????? | +----------------------------------------------------+ Best States ------------- Heat Dissipation 37 Energy Generation 18 Energy Capacity 265 Matter Stores 300 Matter Capacity 300 Sight Range 21 Terrain Scan Density 10 Armor Coverage 150 Evasion (%) 55 Offensive Hacking 12 Item Schematics ----------------- None Robot Schematics ------------------ None Fabricated ------------ Nothing Repaired ---------- Nothing Studied --------- None Alien Tech Used ----------------- None Achievements -------------- Longdome?! Challenges ------------ None Game ------ Seed StrikeArmoredTelecube Manual? 0 Play Time 00:37:09 Cumulative 37.3 hours Start 2025.12.05 @ 10:57:08 End 2025.12.05 @ 11:37:05 Sessions 1 Manual Loads 0 Difficulty Rogue Special Mode None Game No. 42 Rogue 42 Adventurer 0 Explorer 0 Win Type - Total 0 Types 0/0/0/0/0/0/0/0/0/0 Lore% 22 Gallery% 26 Achievement% 23 Wizard Run 0 Options --------- Layout 0 ASCII 0 Keyboard 0 Movement Mouse Keybinds 0 Fullscreen 0 Font 24/Smallcaps Map View 74x54 Zoom Use 0% Tactical HUD 1 Map Filters NONE Filters NONE Steam 1 RUN: 632878f0-48d9-4a69-9e22-5551d8813279